General information
- name: BNet
- type: Ladder team game (AT/RT)
- host: Battle.net
- saver: Flashbang_Omnix
map: Mur'gulOasis
- players: 8
- length: 15:54
- speed: Fast
- version: 1.26 W3XP
- replay type: Public
» download(90 KB)
Players
team 1 (winner)
SkanJaMan (
purple | 38 APM | 598 actions | 15:54)
5 Dreadlord
3 Vampiric Aura
2 Carrion Swarm
4 Death Knight
2 Unholy Aura
2 Death Coil
» actions
| Assign group hotkey | 33 | |
| Basic commands | 32 | |
| Build / train | 41 | |
| Enter build submenu | 13 | |
| Enter hero's abilities submenu | 9 | |
| Give item / drop item | 3 | |
| Right click | 146 | |
| Select / deselect | 89 | |
| Select group hotkey | 198 | |
| Use ability | 34 | |
598 total
» units
» upgrades
| Cannibalize | 1 | |
| Creature Attack | 3 | |
| Creature Carapace | 2 | |
| Ghoul Frenzy | 1 | |
| Stone Form | 1 | |
8 total
» buildings
| Ziggurat | 4 | |
| Altar of Darkness | 1 | |
| Crypt | 3 | |
| Graveyard | 2 | |
| Tomb of Relics | 1 | |
| Halls of the Dead | 1 | |
| Black Citadel | 1 | |
13 total
» build order
00:10 Ziggurat
00:16 Altar of Darkness
01:13 Crypt
01:25 Crypt
01:58 Ziggurat
02:27 Graveyard
02:54 Tomb of Relics
05:26 Halls of the Dead
05:32 Ziggurat
07:31 Graveyard
07:34 Crypt
08:03 Black Citadel
08:32 Ziggurat
» items
| Boots of Speed | 1 | |
| Periapt of Vitality | 1 | |
2 total
MooseHead (
pink | 53 APM | 838 actions | 15:54)
5 Archmage
3 Blizzard
2 Brilliance Aura
3 Pandaren Brewmaster
2 Breath of Fire
1 Drunken Haze
» actions
| Assign group hotkey | 21 | |
| Basic commands | 1 | |
| Build / train | 48 | |
| Enter build submenu | 24 | |
| Enter hero's abilities submenu | 8 | |
| Give item / drop item | 4 | |
| Right click | 459 | |
| Select / deselect | 165 | |
| Select group hotkey | 53 | |
| Use ability | 55 | |
838 total
» units
| Peasant | 8 | |
| Rifleman | 9 | |
| Mortar Team | 2 | |
19 total
» upgrades
| Gunpowder | 2 | |
| Masonry | 2 | |
| Armor | 2 | |
| Long Rifles | 1 | |
| Lumber Harvesting | 1 | |
| Fragmentation Shards | 1 | |
| Flare | 1 | |
10 total
» buildings
| Altar of Kings | 1 | |
| Farm | 14 | |
| Blacksmith | 1 | |
| Barracks | 2 | |
| Lumber Mill | 1 | |
| Arcane Vault | 1 | |
| Keep | 1 | |
| Castle | 1 | |
| Workshop | 3 | |
| Town Hall | 1 | |
26 total
» build order
00:08 Altar of Kings
00:12 Farm
01:00 Blacksmith
01:07 Farm
01:42 Farm
02:29 Barracks
02:29 Barracks
02:36 Lumber Mill
02:40 Arcane Vault
03:21 Farm
03:23 Farm
05:28 Farm
05:30 Farm
06:22 Keep
10:12 Castle
10:43 Workshop
10:45 Workshop
10:47 Workshop
15:06 Town Hall
15:14 Farm
15:15 Farm
15:16 Farm
15:19 Farm
15:19 Farm
15:21 Farm
15:23 Farm
» items
| Scroll of Regeneration | 3 | |
| Scroll of Town Portal | 1 | |
| Potion of Healing | 1 | |
| Potion of Mana | 1 | |
| Orb of Fire | 1 | |
7 total
xxxelves69 (
teal | 16 APM | 262 actions | 15:54)
3 Blood Mage
2 Flame Strike
1 Banish
» actions
| Build / train | 45 | |
| ESC pressed | 2 | |
| Enter build submenu | 21 | |
| Enter hero's abilities submenu | 3 | |
| Remove unit from queue | 1 | |
| Right click | 48 | |
| Select / deselect | 115 | |
| Use ability | 27 | |
262 total
» units
» upgrades
| Swords | 3 | |
| Plating | 3 | |
| Masonry | 1 | |
| Lumber Harvesting | 1 | |
| Animal War Training | 1 | |
9 total
» buildings
| Farm | 15 | |
| Lumber Mill | 1 | |
| Altar of Kings | 1 | |
| Keep | 1 | |
| Blacksmith | 1 | |
| Barracks | 2 | |
| Castle | 1 | |
22 total
» build order
00:31 Farm
01:13 Farm
01:56 Lumber Mill
02:10 Altar of Kings
03:34 Keep
03:43 Blacksmith
05:16 Farm
05:19 Barracks
06:34 Barracks
06:36 Castle
06:40 Farm
07:39 Farm
09:20 Farm
09:23 Farm
10:48 Farm
10:51 Farm
11:40 Farm
11:42 Farm
13:11 Farm
13:13 Farm
14:04 Farm
14:06 Farm

»
Mina_TheOne (
orange | 46 APM | 725 actions | 15:54)
5 Paladin
1 Holy Light
2 Divine Shield
2 Devotion Aura
» actions
| Assign group hotkey | 14 | |
| Basic commands | 56 | |
| Build / train | 51 | |
| Enter build submenu | 23 | |
| Enter hero's abilities submenu | 5 | |
| Right click | 217 | |
| Select / deselect | 301 | |
| Select group hotkey | 6 | |
| Use ability | 52 | |
725 total
» units
| Peasant | 13 | |
| Footman | 7 | |
| Rifleman | 6 | |
| Priest | 2 | |
28 total
» upgrades
| Masonry | 2 | |
| Defend | 1 | |
| Swords | 1 | |
| Backpack | 1 | |
| Gunpowder | 2 | |
| Armor | 1 | |
| Plating | 1 | |
| Lumber Harvesting | 1 | |
| Long Rifles | 1 | |
| Priest Training | 1 | |
| Magic Sentry | 1 | |
13 total
» buildings
| Barracks | 2 | |
| Altar of Kings | 1 | |
| Farm | 7 | |
| Lumber Mill | 1 | |
| Scout Tower | 1 | |
| Arcane Tower | 1 | |
| Blacksmith | 1 | |
| Arcane Vault | 1 | |
| Keep | 1 | |
| Town Hall | 1 | |
| Arcane Sanctum | 2 | |
| Castle | 1 | |
20 total
» build order
00:10 Barracks
00:30 Altar of Kings
01:01 Farm
01:10 Lumber Mill
01:41 Scout Tower
01:54 Farm
02:26 Arcane Tower
02:50 Farm
03:35 Barracks
04:01 Blacksmith
04:17 Farm
05:05 Arcane Vault
06:25 Farm
06:34 Keep
10:28 Town Hall
10:58 Farm
11:27 Arcane Sanctum
12:21 Farm
13:56 Castle
14:11 Arcane Sanctum
» items
team 2 (loser)
Flashbang_Omnix (
blue | 49 APM | 773 actions | 15:54)
4 Mountain King
2 Storm Bolt
2 Bash
» actions
| Basic commands | 25 | |
| Build / train | 40 | |
| ESC pressed | 3 | |
| Enter build submenu | 12 | |
| Enter hero's abilities submenu | 4 | |
| Give item / drop item | 3 | |
| Right click | 476 | |
| Select / deselect | 152 | |
| Use ability | 58 | |
773 total
» units
| Peasant | 8 | |
| Footman | 6 | |
| Makrura Deepseer | 1 | |
| Mur'gul Snarecaster | 1 | |
| Dragonhawk Rider | 5 | |
21 total
» upgrades
| Masonry | 4 | |
| Lumber Harvesting | 1 | |
| Armor | 3 | |
| Cloud | 1 | |
| Animal War Training | 1 | |
10 total
» buildings
| Altar of Kings | 1 | |
| Barracks | 1 | |
| Farm | 7 | |
| Lumber Mill | 1 | |
| Keep | 1 | |
| Blacksmith | 1 | |
| Arcane Vault | 1 | |
| Gryphon Aviary | 4 | |
| Castle | 1 | |
18 total
» build order
00:18 Altar of Kings
00:27 Barracks
00:37 Farm
00:38 Farm
03:39 Farm
03:45 Farm
03:55 Lumber Mill
04:25 Keep
05:03 Blacksmith
05:12 Farm
05:20 Arcane Vault
06:54 Gryphon Aviary
06:55 Gryphon Aviary
06:56 Gryphon Aviary
08:19 Gryphon Aviary
08:21 Castle
09:27 Farm
09:28 Farm
» items
| Scroll of Regeneration | 1 | |
| Scroll of Town Portal | 1 | |
2 total

»
FromDaStreetz (
red | 30 APM | 425 actions | 13:56)
3 Death Knight
2 Death Coil
1 Unholy Aura
1 Lich
1 Frost Nova
» actions
| Basic commands | 2 | |
| Build / train | 40 | |
| Enter build submenu | 14 | |
| Enter hero's abilities submenu | 4 | |
| Remove unit from queue | 1 | |
| Right click | 191 | |
| Select / deselect | 146 | |
| Use ability | 27 | |
425 total
» units
| Acolyte | 4 | |
| Ghoul | 5 | |
| Crypt Fiend | 11 | |
| Necromancer | 2 | |
22 total
» upgrades
| Creature Attack | 2 | |
| Creature Carapace | 1 | |
3 total
» buildings
| Crypt | 1 | |
| Ziggurat | 7 | |
| Altar of Darkness | 1 | |
| Graveyard | 1 | |
| Nerubian Tower | 1 | |
| Tomb of Relics | 1 | |
| Halls of the Dead | 1 | |
| Temple of the Damned | 2 | |
| Spirit Tower | 3 | |
18 total
» build order
00:17 Crypt
00:19 Ziggurat
01:01 Altar of Darkness
01:13 Ziggurat
01:19 Graveyard
01:22 Ziggurat
02:14 Nerubian Tower
03:23 Ziggurat
03:51 Tomb of Relics
05:44 Halls of the Dead
07:13 Ziggurat
07:16 Ziggurat
08:41 Ziggurat
10:22 Temple of the Damned
10:25 Temple of the Damned
11:57 Spirit Tower
12:03 Spirit Tower
13:25 Spirit Tower
» items
| Rod of Necromancy | 1 | |
| Scroll of Town Portal | 1 | |
2 total

»
56HoesOnMyDik (
green | 45 APM | 659 actions | 14:34)
4 Priestess of the Moon
2 Trueshot Aura
1 Scout
1 Searing Arrows
» actions
| Assign group hotkey | 17 | |
| Basic commands | 5 | |
| Build / train | 39 | |
| Enter build submenu | 13 | |
| Enter hero's abilities submenu | 5 | |
| Right click | 249 | |
| Select / deselect | 189 | |
| Select group hotkey | 120 | |
| Use ability | 22 | |
659 total
» units
| Wisp | 13 | |
| Huntress | 8 | |
| Hippogryph | 4 | |
25 total
» upgrades
| Strength of the Wild | 3 | |
| Reinforced Hides | 3 | |
6 total
» buildings
| Altar of Elders | 1 | |
| Moon Well | 4 | |
| Hunter's Hall | 1 | |
| Ancient of War | 1 | |
| Tree of Ages | 1 | |
| Ancient of Wonders | 1 | |
| Ancient of Wind | 2 | |
| Tree of Eternity | 1 | |
| Chimaera Roost | 3 | |
15 total
» build order
01:19 Altar of Elders
01:29 Moon Well
02:27 Moon Well
02:32 Hunter's Hall
02:55 Ancient of War
03:25 Moon Well
05:25 Moon Well
05:56 Tree of Ages
06:31 Ancient of Wonders
09:10 Ancient of Wind
09:20 Ancient of Wind
10:10 Tree of Eternity
13:21 Chimaera Roost
13:29 Chimaera Roost
13:32 Chimaera Roost
» items
Retaliation (
yellow | 21 APM | 296 actions | 13:56)
2 Priestess of the Moon
1 Trueshot Aura
1 Searing Arrows
» actions
| Basic commands | 7 | |
| Build / train | 33 | |
| Enter build submenu | 26 | |
| Enter hero's abilities submenu | 2 | |
| Remove unit from queue | 1 | |
| Right click | 45 | |
| Select / deselect | 155 | |
| Use ability | 27 | |
296 total
» units
» upgrades
| Ultravision | 1 | |
| Nature's Blessing | 1 | |
| Backpack | 1 | |
| Strength of the Wild | 2 | |
| Abolish Magic | 1 | |
| Reinforced Hides | 1 | |
7 total
» buildings
| Altar of Elders | 1 | |
| Moon Well | 7 | |
| Ancient of War | 1 | |
| Ancient of Wonders | 1 | |
| Tree of Ages | 1 | |
| Hunter's Hall | 2 | |
| Ancient of Lore | 3 | |
| Ancient Protector | 2 | |
| Tree of Eternity | 1 | |
19 total
» build order
00:06 Altar of Elders
00:16 Moon Well
01:28 Ancient of War
01:32 Ancient of Wonders
02:57 Tree of Ages
03:31 Hunter's Hall
03:38 Hunter's Hall
03:44 Moon Well
05:58 Ancient of Lore
06:01 Ancient of Lore
06:02 Ancient of Lore
06:30 Ancient Protector
06:37 Ancient Protector
07:36 Moon Well
07:38 Moon Well
09:44 Tree of Eternity
10:24 Moon Well
11:31 Moon Well
11:34 Moon Well
Chat log
(00:08 / All) Flashbang_Omnix: this trash has played over 20000 games
(00:13 / All) Retaliation: who?
(00:24 / All) Flashbang_Omnix: quoting Bear_and
(00:33 / All) Flashbang_Omnix: Mina_TheOne
(00:33 / All) Retaliation: who the hell is that? o.O
(00:42 / All) SkanJaMan: lol this account alone has 11000 games lol
(00:46 / All) Mina_TheOne: who cares just fukn play my god ur queer
(01:00 / All) xxxelves69: are you guys serious
(01:01 / All) SkanJaMan: says the bitch who has a shit account
(01:03 / All) xxxelves69: i've only got like 50
(01:10 / All) FromDaStreetz: homos
(01:13 / All) 56HoesOnMyDik: game is 10 years old
(01:15 / All) 56HoesOnMyDik: so
(01:19 / All) SkanJaMan: rage some more loser
(01:24 / All) Retaliation: Wtf is this?
(01:32 / All) xxxelves69: yeah i know its old, my old acount had like 300, but i like to make a new account
(01:35 / All) Mina_TheOne: this my onean only account course all games are on one account
(01:40 / All) xxxelves69: whenever they do the reset level
(01:46 / All) Retaliation: im not going to deal with a heated game
(01:54 / All) SkanJaMan: i lost a 7000 game account
(02:00 / All) 56HoesOnMyDik: I work out
(02:07 / All) Retaliation: we dont care..
(02:09 / All) FromDaStreetz: I ate out my girls butthole once
(02:11 / All) Flashbang_Omnix: i remember Mina
(02:13 / All) Flashbang_Omnix: you got owned
(02:15 / All) 56HoesOnMyDik: im sexy and i know
(02:16 / All) Flashbang_Omnix: by Bear_and
(02:23 / All) Mina_TheOne: so
(02:26 / All) xxxelves69: that's kinky red
(02:28 / All) Flashbang_Omnix: and all he had just a dh/panda/warden
(02:30 / All) Mina_TheOne: i lose to alot of ppl
(02:34 / All) Flashbang_Omnix: and protectors and wells
(02:35 / All) Mina_TheOne: i also beat alot more so w.e
(02:36 / All) Flashbang_Omnix: wisps
(02:55 / Allies) Flashbang_Omnix: anyways sorry mina
(02:58 / All) Flashbang_Omnix: you ain't trash
(03:01 / All) Flashbang_Omnix: mina
(03:03 / All) SkanJaMan: im gonna finger bang bang you
(03:04 / All) Flashbang_Omnix: sorry about that
(03:13 / All) xxxelves69: i'm in a hurricane right now
(03:14 / All) Mina_TheOne: no ur not
(03:15 / All) FromDaStreetz: minas a hot name
(03:24 / All) SkanJaMan: foa golfer
(03:25 / All) xxxelves69: you're, not ur
(03:30 / All) xxxelves69: ur isn't even a word
(03:35 / All) 56HoesOnMyDik: wat is englgh
(03:47 / All) xxxelves69: engrish
(03:53 / All) xxxelves69: frenglais
(04:01 / All) xxxelves69: spanglish
(04:06 / Allies) 56HoesOnMyDik: yellow
(04:11 / Allies) 56HoesOnMyDik: what units you getting
(04:18 / Allies) Retaliation: dryads
(04:21 / All) xxxelves69: praise be to allah
(04:26 / All) Retaliation: Oh hell no.
(04:30 / Allies) 56HoesOnMyDik: ill get hippppppppos and chims
(04:31 / All) xxxelves69: oh hell yes
(04:33 / All) Retaliation: Fuck ALL your gods.
(04:43 / All) FromDaStreetz: all one of them :)
(04:52 / All) SkanJaMan: life is what matters
(04:52 / All) Retaliation: Except the Viking gods.
(04:53 / All) xxxelves69: there is only 1 God and his name is Allah!!!!!!
(04:54 / All) xxxelves69: lol
(04:55 / All) Retaliation: Theyre cool :|
(05:07 / All) xxxelves69: I am Thor
(05:08 / All) 56HoesOnMyDik: im sexy and i know it
(05:11 / All) Retaliation: the greek gods are overplayed cowards
(05:17 / All) SkanJaMan: what the fuck do you any of you know about what is to be preacghed
(05:35 / All) xxxelves69: the Bible is a joke
(05:40 / All) xxxelves69: says you may own slaves
(05:41 / All) Retaliation: so is the torah
(05:46 / All) Retaliation: and w/e the muslims read
(05:47 / All) xxxelves69: and sell your daughter into slavery
(05:49 / All) SkanJaMan: best handbook for life ever
(05:52 / All) xxxelves69: and have many wives
(05:56 / All) SkanJaMan: haters
(06:06 / All) Retaliation: sorry, but, fuck your bible
(06:12 / All) xxxelves69: yet people over look those parts when they talk about how homosexuality is clearly an abomination
(06:14 / All) Retaliation: no more hateful book in this world than your bible
(06:22 / All) Retaliation: ^ this
(06:26 / All) xxxelves69: i'm not religous
(07:00 / All) Flashbang_Omnix: your accounts
(07:08 / All) Flashbang_Omnix: NEVER or probably never gonna get fixed
(07:10 / All) Flashbang_Omnix: EVER
(07:15 / All) Flashbang_Omnix: Mina
(07:25 / All) Flashbang_Omnix: should consider another account
(08:21 / Allies) 56HoesOnMyDik: pink
(09:44 / Allies) Flashbang_Omnix: get the
(09:45 / All) SkanJaMan: gg
(09:45 / Allies) Flashbang_Omnix: hack out
(09:48 / All) SkanJaMan: sweet
(09:52 / All) FromDaStreetz: haxhax
(10:15 / All) FromDaStreetz: oh yea lets just switch from the top left to bottom right
(11:24 / Allies) Retaliation: +2 dryads and ready
(11:39 / Allies) Retaliation: brb
(12:44 / Allies) FromDaStreetz: use towers
(12:46 / Allies) Retaliation: back
(12:47 / Allies) FromDaStreetz: b
(13:01 / Allies) Retaliation: want me to tp?
(13:08 / Allies) FromDaStreetz: no stay..
(13:10 / Allies) FromDaStreetz: idiot
(13:25 / Allies) Flashbang_Omnix: you guys are noobs
(13:29 / Allies) Flashbang_Omnix: didnt saved red on time
(13:36 / Allies) Retaliation: ..i was afk
(13:42 / Allies) Flashbang_Omnix: no excuse
(13:44 / Allies) Flashbang_Omnix: for losing
(13:47 / Allies) Retaliation: oh, its not?
(13:48 / Allies) Retaliation: lawl.
(13:49 / Allies) Flashbang_Omnix: start then finish
(13:51 / Allies) Flashbang_Omnix: idiot
(13:53 / Allies) Retaliation: elitist
(14:07 / All) Flashbang_Omnix: plus 2k yelliow
(14:14 / All) Flashbang_Omnix: wasnt kiddng when he said afk
(14:47 / All) Flashbang_Omnix: guess i did deserved to lose this
(14:53 / All) Flashbang_Omnix: i called Mina a trash
(14:58 / All) Flashbang_Omnix: cuz of pride
(15:02 / All) Mina_TheOne: karma fun huh
(15:02 / All) xxxelves69: stick around
(15:07 / All) xxxelves69: i want to kill something
(15:08 / All) Flashbang_Omnix: forgive me...
(15:12 / All) Flashbang_Omnix: me sorry
(15:14 / All) SkanJaMan: lol you got fingerbanged!
(15:23 / All) Mina_TheOne: all boys want forgiveness
(15:30 / All) Flashbang_Omnix: no really
(15:34 / All) Flashbang_Omnix: i am so sorry
(15:35 / All) Mina_TheOne: only then iw ill forgive you
(15:35 / All) xxxelves69: i shall use my army shortly
(15:41 / All) Flashbang_Omnix: I'm the trash one for calling you trash
(15:50 / All) Flashbang_Omnix: yeah thanks a lot, Mina